 Dungeon Crawl Stone Soup version 0.19-a0-1676-g39ae8cc (webtiles) character file.

540 4thArraOfDagon the Ruffian (level 7, -10/70 HPs)
             Began as a Troll Wanderer on Sept 23, 2016.
             Was a Follower of Cheibriados.
             Mangled by an ogre
             ... wielding a +0 giant club
              (18 damage)
             ... on level 5 of the Dungeon.
             The game lasted 00:03:30 (650 turns).

4thArraOfDagon the Ruffian (Troll Wanderer)          Turns: 650, Time: 00:03:31

Health: -10/70     AC:  5    Str: 23    XL:     7   Next: 5%
Magic:  8/8        EV: 10    Int: 12    God:    Cheibriados [*.....]
Gold:   71         SH:  0    Dex: 11    Spells: 0 memorised, 6 levels left

rFire  . . .     SeeInvis .       - Unarmed
rCold  . . .     Gourm    +     d - +0 robe
rNeg   . . .     Faith    .     (no shield)
rPois  .         Spirit   .     (helmet restricted)
rElec  .         Dismiss  .     (no cloak)
rCorr  .         Reflect  .     (gloves unavailable)
MR     .....     Harm     .     (boots unavailable)
Stlth  +.........               e - amulet of inaccuracy (curse)
                                (no ring)
                                (no ring)

@: very slow
A: unfitting armour, claws 3, fast metabolism 3, gourmand, regeneration 1,
shaggy fur 1, tough skin 2
a: Bend Time, Renounce Religion


You were on level 5 of the Dungeon.
You worshipped Cheibriados.
Cheibriados was aware of your devotion.
You were completely stuffed.

You visited 2 branches of the dungeon, and saw 6 of its levels.

You collected 71 gold pieces.

Inventory:

Hand Weapons
 a - a +2 mace
 b - a +0 hand axe
Armour
 d - a +0 robe (worn)
Jewellery
 e - a cursed amulet of inaccuracy (around neck)
Wands
 c - a wand of random effects (7/48)
Scrolls
 h - a scroll of identify
Comestibles
 f - 2 bread rations
 g - a beef jerky
 i - a royal jelly


   Skills:
 - Level 4.1 Fighting
 - Level 1.0 Maces & Flails
 + Level 3.0 Dodging
   Level 1.0 Shields
 * Level 5.7 Unarmed Combat
 + Level 2.7 Invocations
 - Level 1.0 Evocations


You had 6 spell levels left.
You didn't know any spells.

Dungeon Overview and Level Annotations

Branches:
Dungeon (5/15)             Temple (1/1) D:4

Altars:
Ashenzari
Cheibriados
Dithmenos
Elyvilon
Fedhas
Gozag
Hepliaklqana
Kikubaaqudgha
Makhleb
Nemelex Xobeh
Okawaru
Ru
Sif Muna
Trog
Uskayaw
Vehumet
Yredelemnul
Zin
The Shining One


Innate Abilities, Weirdness & Mutations

You are too large for most types of armour.
You have claws for hands.
Your metabolism is lightning-fast.
You like to eat raw meat.
Your natural rate of healing is unusually fast.
You are covered in fur. (AC +1)
You have very tough skin. (AC +2)


Message History

Press: ? - help, Shift-Dir - straight line, f - ogre
Aim: an ogre, wielding a giant club The ogre flickers and vanishes!
Deactivating autopickup; reactivate with Ctrl-A.
This wand has 8 charges left.
Unknown command.
Evoke which item? (* to show all) (? for menu, Esc to quit)
Really evoke
c - a wand of random effects (8/48)?
This could place you under penance!
Zapping:
c - a wand of random effects (8/48)
Press: ? - help, Shift-Dir - straight line The mass of ice explodes!
The iceblast engulfs something.
The iceblast engulfs you!
This wand has 7 charges left.
Something hits you!!
* * * LOW HITPOINT WARNING * * *
Unknown command.
You aren't carrying any potions.
Okay, then.
You scratch something.
Unknown command.
You barely miss something. Something hits you!!
You die...

....###...##..........
......#...##..........
#..._.....##..........
##._..._...##..........
#..........##..........
.#._..8.....##(........#
............##.....(...#
#..._..._..............#
#..._..)..#@.........#
##....#####.##........
#..#...).)[##.#######
.... #)########.# ####
#.# #....# #.# #.#### #
#)# #.# .#.# #[# #.#...
#.# #.#.####


There were no monsters in sight!

Vanquished Creatures
  The ghost of ThereIsNoGod the Cleaver, an amateur MiGl (D:5)
  A black bear (D:5)
  A crimson imp (D:4)
  A hound (D:4)
  2 orc priests
  2 orc wizards (D:5)
  A hound skeleton (D:4)
  2 adders
  An ooze (D:5)
  A dart slug (D:2)
  8 orcs
  A giant cockroach (D:4)
  2 goblins (D:1)
  A hobgoblin (D:2)
  3 jackals (D:2)
  A kobold (D:2)
  A quokka (Temple)
  2 frilled lizards
  A giant cockroach zombie (D:5)
  A jackal skeleton (D:4)
34 creatures vanquished.

Vanquished Creatures (others)
  A quokka (D:4)
1 creature vanquished.

Grand Total: 35 creatures vanquished

Notes
Turn   | Place    | Note
-------+----------+-------------------------------------------
     0 | D:1      | 4thArraOfDagon the Troll Wanderer began the quest for the Orb.
     0 | D:1      | 4thArraOfDagon set off with: a +2 mace, a +0 hand axe, a wand of random effects (15/48), a +0 robe, 2 bread rations
     0 | D:1      | Reached XP level 1. HP: 24/24 MP: 0/0
    72 | D:2      | Reached skill level 1 in Unarmed Combat
    94 | D:2      | Reached XP level 2. HP: 27/32 MP: 1/1
   128 | D:2      | You fall through a shaft for 2 floors!
   141 | D:4      | Reached skill level 2 in Unarmed Combat
   164 | D:4      | Reached skill level 3 in Unarmed Combat
   164 | D:4      | Reached XP level 3. HP: 25/39 MP: 2/2
   226 | D:4      | Found a staircase to the Ecumenical Temple.
   235 | Temple   | Entered the Ecumenical Temple
   250 | Temple   | Became a worshipper of Cheibriados the Contemplative
   286 | D:4      | Reached XP level 4. HP: 48/48 MP: 3/3
   332 | D:4      | Reached skill level 4 in Unarmed Combat
   332 | D:4      | Reached skill level 1 in Invocations
   369 | D:4      | Reached XP level 5. HP: 48/54 MP: 4/4
   469 | D:5      | Entered Level 5 of the Dungeon
   519 | D:5      | Found a blossoming altar of Fedhas.
   520 | D:5      | Found a radiant altar of Vehumet.
   548 | D:5      | Noticed ThereIsNoGod's ghost (amateur MiGl)
   553 | D:5      | Found an iron altar of Okawaru.
   553 | D:5      | Found a sparkling altar of Nemelex Xobeh.
   554 | D:5      | Found an ancient bone altar of Kikubaaqudgha.
   554 | D:5      | Found a shattered altar of Ashenzari.
   555 | D:5      | Found a glowing golden altar of the Shining One.
   562 | D:5      | Killed ThereIsNoGod's ghost
   562 | D:5      | Reached skill level 5 in Unarmed Combat
   562 | D:5      | Reached XP level 6. HP: 62/62 MP: 6/6
   595 | D:5      | Reached * piety under Cheibriados
   606 | D:5      | Reached XP level 7. HP: 11/70 MP: 8/8
   650 | D:5      | Mangled by an ogre

Vault maps used:
D:1:      lemuel_arrival_behind_the_door_large, serial_bayou_lake_a
D:2:      first_bread
D:3:      minmay_randomly_rotated_circles
D:4:      serial_bayou, serial_bayou_ford_a, serial_bayou_pond_d,
          serial_bayou_pond_d, serial_bayou_shore_b, elyvilon_altar_4
D:5:      grunt_temple_overflow_open, uniq_crazy_yiuf_cottage
Temple:   cyrus_circular_temple

Skill      XL: |  1  2  3  4  5  6 |
---------------+-------------------+-----
Unarmed Combat | 1 3 4 5 |  5.7
Dodging        | 2 3 |  3.0
Invocations    | 1 2 |  2.7
Fighting       | |  4.1
Maces & Flails | |  1.0
Shields        | |  1.0
Evocations     | |  1.0

Action                   |  1- 3 |  4- 6 |  7- 9 || total
-------------------------+-------+-------+-------++-------
Melee: Unarmed           |    44 |    75 |     9 ||   128
       Mace              |     2 |       |       ||     2
       Punch             |     1 |     2 |       ||     3
Evoke: Wand              |       |     4 |     4 ||     8
  Use: Scroll            |       |     1 |       ||     1
 Stab: Paralysed         |       |     7 |       ||     7
  Eat: Chunk             |     3 |     5 |     4 ||    12
Armor: Robe              |    29 |    18 |     2 ||    49
Dodge: Dodged            |    42 |    32 |     2 ||    76
